AoeStats
← FrankstonSamurai

Arena

504985116Analyzed
2v2 RM · 26d ago on Sep 7, 2026· 55m 6s· 4 players
Game mode
Random Map
Map size
Medium (4 player)
Population
200
Speed
Normal
Resources
Standard
Victory
Conquest
Starting age
Dark Age
Ending age
Imperial Age
RankedLock teamsTeams togetherTeam positionsShared explorationLock speedFull tech treeHidden civsTurbo modeCheats
Victory
Defeat
🇪🇸 Britons · Spain
644
+9
🇦🇺 Chinese · Australia
444
+16
🇦🇺 Bulgarians · Australia
523
-15
🇦🇺 Lithuanians · Australia
413
-10
gaz1657
11:00 Feudal Age
12:04 Double-Bit Axe
12:24 Horse Collar
20:44 Castle Age
20:02 Gold Mining
20:03 Stone Mining
20:07 Fletching
23:12 Thumb Ring
23:22 Bow Saw
23:45 Crossbowman
28:13 Pikeman
28:54 Squires
32:08 Gold Shaft Mining
32:09 Stone Shaft Mining
32:19 Wheelbarrow
33:36 Heavy Plow
38:19 Imperial Age
42:54 Halberdier
44:01 Padded Archer Armor
44:12 Forging
44:03 Scale Mail Armor
43:59 Bodkin Arrow
44:29 Elite Chu Ko Nu
ramon_beas21
0:30 Loom
12:32 Feudal Age
15:14 Man-at-Arms
18:40 Horse Collar
23:50 Castle Age
24:24 Crossbowman
26:33 Long Swordsman
29:04 Yeomen
29:05 Double-Bit Axe
29:22 Heavy Plow
32:21 Padded Archer Armor
32:13 Fletching
32:24 Scale Mail Armor
32:10 Pikeman
35:24 Leather Archer Armor
40:21 Imperial Age
38:27 Forging
40:08 Fortified Wall
40:19 Ballistics
41:15 Husbandry
43:52 Halberdier
45:36 Ring Archer Armor
45:03 Bodkin Arrow
46:47 Elite Longbowman
49:22 Chemistry
49:01 Iron Casting
48:51 Caravan
FrankstonSamurai
10:20 Feudal Age
12:34 Horse Collar
12:44 Double-Bit Axe
22:49 Castle Age
22:16 Forging
22:11 Scale Mail Armor
24:22 Iron Casting
24:13 Squires
24:01 Gambesons
25:40 Arson
32:21 Bloodlines
32:12 Husbandry
39:15 Imperial Age
38:30 Scale Barding Armor
39:38 Heavy Plow
39:23 Capped Ram
40:38 Conscription
40:54 Murder Holes
43:27 Masonry
44:32 Gold Mining
47:05 Siege Ram
48:42 Wheelbarrow
47:53 Town Watch
48:45 Stirrups
51:34 Onager
54:51 Gold Shaft Mining
DiiNGERS
1:01 Loom
13:08 Feudal Age
15:27 Wheelbarrow
14:38 Horse Collar
15:05 Town Watch
17:39 Double-Bit Axe
18:05 Gold Mining
18:07 Stone Mining
20:57 Scale Mail Armor
21:05 Scale Barding Armor
23:31 Castle Age
21:48 Arson
21:27 Man-at-Arms
24:03 Bloodlines
24:51 Bow Saw
24:45 Heavy Plow
24:54 Husbandry
24:59 Squires
25:20 Chain Mail Armor
25:26 Chain Barding Armor
25:52 Stone Shaft Mining
31:42 Town Patrol
31:59 Hand Cart
34:07 Hill Forts
35:52 Long Swordsman
41:26 Padded Archer Armor
41:36 Forging
44:44 Imperial Age
43:47 Caravan
46:05 Conscription
45:10 Elite Leitis
50:54 Iron Casting
50:59 Plate Barding Armor
50:40 Masonry
50:26 Murder Holes
50:12 Treadmill Crane
Connection lost

Rejoining the realm…

Still unreachable

The connection could not be restored.

Session expired

The server has moved on; the page needs a fresh start.